 Dungeon Crawl Stone Soup version 0.29-a0-732-g3d7fbe0af2 (webtiles) character file.

Game seed: 76195443063112782

266 frimble the Shooter (level 6, -12/79 HPs)
             Began as a Minotaur Hunter on June 29, 2022.
             Was a Follower of Okawaru.
             Killed by divine providence
             ... invoked by an orc priest
              (15 damage)
             ... on level 5 of the Dungeon.
             The game lasted 00:02:59 (2165 turns).

frimble the Shooter (Minotaur Hunter)               Turns: 2165, Time: 00:02:59

Health: -12/79     AC:  3    Str: 15    XL:     6   Next: 0%
Magic:  4/6        EV: 13    Int:  6    God:    Okawaru [*.....]
Gold:   148        SH:  0    Dex: 16    Spells: 5/5 levels left

rFire   . . .      SeeInvis .   b - +2 dagger (flame)
rCold   . . .      Faith    .   (no shield)
rNeg    . . .      Spirit   .   c - +0 leather armour
rPois   .          Reflect  .   (helmet restricted)
rElec   .          Harm     .   (no cloak)
rCorr   .          Rampage  .   (no gloves)
Will    .....                   (no boots)
Stlth   ..........              (no amulet)
HPRegen 0.23/turn               (no ring)
MPRegen 0.10/turn               (no ring)

@: berserking, lethally poisoned (-12 -> -20), invisible, very quick
A: horns 2, retaliatory headbutt
a: Renounce Religion, Heroism


You were on level 5 of the Dungeon.
You worshipped Okawaru.
Okawaru was aware of your devotion.
You visited 1 branch of the dungeon, and saw 5 of its levels.

You collected 148 gold pieces.

Inventory:

Hand Weapons
 a - a +0 shortbow
 b - a +2 dagger of flaming (weapon)
 i - a +0 dagger of speed
Missiles
 r - 3 curare-tipped darts
Armour
 c - a +0 leather armour (worn)
Scrolls
 f - a scroll of noise {unknown}
 h - a scroll of silence {unknown}
 j - a scroll of enchant weapon {unknown}
 k - a scroll of enchant armour {unknown}
 n - a scroll of torment {unknown}
 p - 3 scrolls of identify {unknown}
 q - 2 scrolls of blinking {unknown}
 s - a scroll of poison {unknown}
 t - 3 scrolls of immolation
Potions
 g - a potion of magic {unknown}
 l - a potion of lignification {unknown}
 m - a potion of curing {unknown}
 o - a potion of mutation {unknown}
 u - 2 potions of haste {unknown}


   Skills:
 + Level 4.5 Fighting
 + Level 2.1 Short Blades
 - Level 5.0 Ranged Weapons
 + Level 1.9 Throwing
 - Level 3.5 Dodging
 - Level 0.8 Stealth
 + Level 1.4 Invocations


You had 5 spell levels left.
You didn't know any spells.
Your spell library contained the following spells:

 Spells                   Type           Power      Damage    Failure   Level
 Portal Projectile        Hex/Tloc       0%         N/A       88%         3
 Corpse Rot               Necr/Pois/Air  0%         N/A       99%         4
 Dispel Undead            Necr           0%         3d6       99%         4
 Leda's Liquefaction      Hex/Erth       0%         N/A       99%         4
 Call Canine Familiar     Summ           Unusable   N/A       N/A         3
 Death Channel            Necr           Unusable   N/A       N/A         6

Dungeon Overview and Level Annotations

Branches:
Dungeon (5/15)
 Temple: D:4-7

Altars:
Okawaru

Annotations:
D:3 Pargi


Innate Abilities, Weirdness & Mutations

You have a pair of horns on your head.
You reflexively headbutt those who attack you in melee.


Message History

You are lethally poisoned!
It was a potion of invisibility.
You fade into invisibility!
* * * LOW HITPOINT WARNING * * *
You feel very sick.
A scorpion comes into view.
The orc priest barely misses you. The orc closely misses you.
It was a potion of berserk rage.
A red film seems to cover your vision as you go berserk!
You feel yourself moving faster!
You feel mighty!
* * * LOW HITPOINT WARNING * * *
You feel very sick.
The orc priest hits you with a +0 dagger.
* * * LOW HITPOINT WARNING * * *
You feel a strong urge to attack something.
* * * LOW HITPOINT WARNING * * *
You feel very sick.
You puncture the orc wizard! You burn the orc wizard.
The orc wizard is severely wounded.
* * * LOW HITPOINT WARNING * * *
You feel sick.
The orc priest looks satisfied for a moment.
The orc hits you with a +0 hand axe.
* * * LOW HITPOINT WARNING * * *
The orc wizard misses you. You furiously retaliate!
You headbutt the orc wizard!
You kill the orc wizard!
Okawaru accepts your kill.
You can now gain great but temporary skills.
The orc barely misses you.
You have reached level 6!
You catch the helpless scorpion completely off-guard!
You puncture the scorpion! You burn the scorpion.
You kill the scorpion!
Okawaru accepts your kill.
* * * LOW HITPOINT WARNING * * *
You feel sick.
The orc priest mumbles some strange prayers to Beogh against you.
Beogh smites you!
You die...

#.#...###.#
#)#...##.##
#.<...#.##
###....######
#...........
#†.###.####.
##..##...#
#o.o......#
#o@.##......
#.).# .#.##.
#...# #.#
#.... #.###.
#. .# #. # #.


You could see an orc priest (can't see you) and 2 orcs.

Vanquished Creatures
  A centaur (D:5)
  A scorpion (D:5)
  A hound (D:5)
  An orc wizard (D:5)
  An adder (D:2)
  A shadow imp (D:3)
  4 worms (D:2)
  6 dart slugs
  3 orcs (D:4)
  3 ball pythons
  6 endoplasms
  7 giant cockroaches
  4 hobgoblins
  5 jackals (D:2)
  2 quokkas (D:2)
  6 bats
  7 frilled lizards
  9 goblins
  9 kobolds
  8 rats
  A toadstool (D:1)
86 creatures vanquished.

Vanquished Creatures (others)
  A plant (D:2)
  3 toadstools (D:1)
4 creatures vanquished.

Grand Total: 90 creatures vanquished

Notes
Turn   | Place    | Note
-------+----------+-------------------------------------------
     0 | D:1      | frimble the Minotaur Hunter began the quest for the Orb.
     0 | D:1      | Reached XP level 1. HP: 18/18 MP: 0/0
   117 | D:1      | Reached XP level 2. HP: 25/25 MP: 1/1
   615 | D:1      | Reached XP level 3. HP: 31/31 MP: 2/2
  1071 | D:2      | Reached skill level 5 in Ranged Weapons
  1307 | D:2      | Reached XP level 4. HP: 38/39 MP: 3/3
  1587 | D:3      | Found a faded altar of an unknown god.
  1631 | D:3      | Found an iron altar of Okawaru.
  1642 | D:3      | Became a worshipper of Warmaster Okawaru
  1657 | D:3      | Reached skill level 1 in Short Blades
  1693 | D:3      | Noticed Pargi
  1697 | D:3      | Reached skill level 1 in Throwing
  1823 | D:4      | Noticed a scorpion
  1844 | D:5      | Entered Level 5 of the Dungeon
  1919 | D:5      | Noticed a centaur
  1929 | D:5      | Killed a centaur
  1930 | D:5      | Reached skill level 1 in Invocations
  1930 | D:5      | Reached XP level 5. HP: 14/47 MP: 4/4
  2164 | D:5      | HP: 3/70 [orc/+0 hand axe (2)]
  2164 | D:5      | Reached * piety under Okawaru
  2165 | D:5      | Reached XP level 6. HP: 4/53 MP: 4/6
  2165 | D:5      | Killed from afar by an orc priest

Illustrated notes

Levels and vault maps discovered:
D:1:      ldierk_water_garden, layout_basic
D:2:      minmay_alternating_diamond, layout_basic, serial_forest,
          infiniplex_forest_straight_1, infiniplex_forest_straight_5,
          infiniplex_forest_lined_room_, infiniplex_forest_clump_diagonal,
          infiniplex_forest_straight_1, infiniplex_forest_clump_medium,
          infiniplex_forest_corner_2, infiniplex_forest_straight_1,
          infiniplex_forest_straight_5, minmay_increasing_density
D:3:      kennysheep_slugbush, layout_rooms, kennysheep_okawaru_gauntlet,
          dreamdust_ecumenical_altar_hidden_monk_grotto, uniq_natasha,
          uniq_pargi
D:4:      layout_loops_ring, mainiacjoe_overflow_boulevard,
          minmay_temple_entry_sparse_star, chequers_serial_rivers_micro_a,
          serial_park_tiny_2, minmay_strange_pillars
D:5:      layout_loops_ring, due_unseen_surprise, uniq_sigmund

Skill      XL: |  1  2  3  4  5 |
---------------+----------------+-----
Fighting       | 3 4 |  4.5
Dodging        | 3 |  3.5
Ranged Weapons | 5 |  5.0
Short Blades   | 1 2 |  2.1
Throwing       | 1 |  1.9
Invocations    | 1 |  1.4
Stealth        | |  0.8

Action                   |  1- 3 |  4- 6 || total
-------------------------+-------+-------++-------
Melee: Dagger            |       |    19 ||    19
       Headbutt          |       |     6 ||     6
       Punch             |       |     1 ||     1
 Fire: Shortbow          |   135 |    70 ||   205
  Use: Potion            |       |     2 ||     2
 Stab: Invisible         |       |     1 ||     1
Armor: Leather armour    |    14 |     5 ||    19
Dodge: Dodged            |    32 |    19 ||    51

Table legend: (Time is in decaauts)
 A = Elapsed time spent in this place.
 B = Non-inter-level travel time spent in this place.
 C = Inter-level travel time spent in this place.
 D = Time resting spent in this place.
 E = Time spent auto-exploring this place.
 F = Levels seen in this place.
 G = Mean time per level.
                   A        B        C        D        E       F      G
               +--------+--------+--------+--------+--------+-----+--------+
         Total |   2223 |   2147 |     76 |    134 |   1552 |   5 |  444.6 |
       Dungeon |   2223 |   2147 |     76 |    134 |   1552 |   5 |  444.6 |
               +--------+--------+--------+--------+--------+-----+--------+

Top non-repeatable levels by time:
     D:1: 854 daAuts
     D:2: 700 daAuts
     D:5: 319 daAuts
     D:3: 222 daAuts
     D:4: 127 daAuts
